AoeStats
← SneakyTea

Nomad

513246306Analyzed
2v2 RM · 2d ago on Oct 12, 2026· 61m 59s· 4 players
Game mode
Random Map
Map size
176×176
Population
200
Speed
Normal
Resources
Standard
Victory
Conquest
Starting age
Dark Age
Ending age
Imperial Age
RankedLock teamsTeams togetherTeam positionsShared explorationLock speedFull tech treeHidden civsTurbo modeCheats
Victory
Defeat
🇩🇪 Huns · Germany
992
+15
🇩🇪 Italians · Germany
949
+17
vs
🇫🇷 Khmer · France
995
-17
🇺🇸 Georgians · United States
950
-15
l'affranchis
4:52 Loom
14:07 Feudal Age
14:33 Double-Bit Axe
15:28 Horse Collar
15:32 Fishing Lines
20:41 Castle Age
19:12 Stone Mining
19:16 Gold Mining
22:05 Bow Saw
26:20 Gold Shaft Mining
26:21 Gillnets
27:20 Husbandry
28:08 Forging
29:37 Scale Mail Armor
31:01 Town Watch
31:56 Wheelbarrow
33:32 Hand Cart
34:04 Chain Mail Armor
42:57 Imperial Age
41:52 Tusk Swords
43:23 Cavalier
46:04 Iron Casting
45:39 Scale Barding Armor
49:13 Blast Furnace
48:51 Chain Barding Armor
51:58 Plate Barding Armor
55:34 Heavy Scorpion
58:54 Fletching
61:23 Chemistry
61:29 Ballistics
Spar27
12:21 Feudal Age
15:08 Double-Bit Axe
15:59 Bloodlines
17:08 Wheelbarrow
17:47 Forging
26:07 Castle Age
26:29 Scale Barding Armor
26:58 Stone Mining
30:15 Iron Casting
31:21 Fletching
35:49 Imperial Age
33:34 Bodkin Arrow
34:11 Ballistics
35:39 Padded Archer Armor
45:48 Cavalier
SneakyTea
5:10 Loom
15:43 Feudal Age
20:28 Castle Age
19:06 Double-Bit Axe
19:02 Horse Collar
20:32 Wheelbarrow
23:34 Crossbowman
24:22 Thumb Ring
24:09 Fletching
24:19 Padded Archer Armor
27:17 Bow Saw
27:07 Heavy Plow
27:37 Gold Mining
28:22 Hand Cart
28:32 Ballistics
32:52 Elite Skirmisher
36:33 Imperial Age
35:08 Murder Holes
44:16 Bodkin Arrow
44:36 Leather Archer Armor
57:27 Arson
VirusOsmancik
12:46 Feudal Age
14:27 Loom
18:13 Bloodlines
22:39 Castle Age
21:34 Double-Bit Axe
28:49 Forging
28:45 Scale Barding Armor
30:55 Gold Mining
31:17 Fletching
31:41 Fishing Lines
34:24 Padded Archer Armor
34:22 Bodkin Arrow
42:04 Wheelbarrow
42:51 Bow Saw
46:48 Imperial Age
44:33 Horse Collar
47:53 Iron Casting
47:38 Chain Barding Armor
47:58 Heavy Plow
50:54 Blast Furnace
54:14 Pikeman
54:55 Squires
56:49 Halberdier
57:58 Conscription
58:17 Scale Mail Armor
59:42 Two-Man Saw
Connection lost

Rejoining the realm…

Still unreachable

The connection could not be restored.

Session expired

The server has moved on; the page needs a fresh start.